 Dungeon Crawl Stone Soup version 0.24-a0-613-g1ff6aac338 (webtiles) character file.

Game seed: 7616771310362795625, levelgen mode: deterministic

146801 Gynju the Black Sun (level 16, -16/124 HPs)
             Began as a Demonspawn Necromancer on Sept 9, 2019.
             Was a High Priest of Kikubaaqudgha.
             Demolished by a naga warrior
             ... wielding a +2 war axe of distortion
              (17 damage)
             ... on level 4 of the Snake Pit on Sept 10, 2019.
             The game lasted 03:10:05 (44594 turns).

Gynju the Black Sun (Demonspawn Necromancer)       Turns: 44594, Time: 03:10:05

Health: -16/124    AC: 38    Str: 16    XL:     16   Next: 90%
Magic:  15/39      EV: 22    Int: 19    God:    Kikubaaqudgha [*****.]
Gold:   2502       SH:  6    Dex: 22    Spells: 5/35 levels left

rFire    . . .     SeeInvis .   a - +12 whip of Dismemberment {protect, MP+9 Dex+4}
rCold    + + .     Gourm    .   f - +0 buckler
rNeg     . . .     Faith    .   N - +0 ring mail {rPois}
rPois    .         Spirit   .   R - +2 helmet
rElec    .         Reflect  .   C - +2 cloak
rCorr    .         Harm     .   (no gloves)
MR       +....                  (no boots)
Stlth    +++.......             G - amulet "Vuoxtuaw" {rC++ Regen+ Int-3}
HPRegen  1.70/turn              s - +4 ring of protection
MPRegen  0.26/turn              y - +1 ring of protection

@: mighty, agile, lethally poisoned (-16 -> -17), about to teleport, poison
vulnerable, sanguine armour, protection aura, regenerating, constricted
A: talons 2, demonic guardian 2, powered by pain 2, sanguine armour 3
a: Receive Corpses, Torment, Renounce Religion


You were on level 4 of the Snake Pit.
You worshipped Kikubaaqudgha.
Kikubaaqudgha was extremely pleased with you.
You were near starving.

You visited 5 branches of the dungeon, and saw 28 of its levels.

You collected 2777 gold pieces.
You spent 275 gold pieces at shops.

Inventory:

Hand Weapons
 a - the +12 whip of Dismemberment (weapon) {protect, MP+9 Dex+4}
   (You found it on level 7 of the Dungeon)

   It grants its wielder temporary protection when it strikes (+7 to AC).
   It affects your dexterity (+4).
   It affects your magic capacity (+9).
 b - a +2 fustibalus of flaming
 I - the +8 whip "Snakebite" {curare, rPois}
   (You found it on level 1 of the Lair of Beasts)

   It poisons the flesh of those it strikes.
   It protects you from poison.
Missiles
 g - 657 stones (quivered)
 z - 135 sling bullets
Armour
 f - a +0 buckler (worn)
 m - a +2 robe of magic resistance
 B - a scarf of cloud immunity
 C - a +2 cloak (worn)
 N - a +0 ring mail of poison resistance (worn)
 R - a +2 helmet (worn)
Jewellery
 s - a +4 ring of protection (left hand)
 y - a +1 ring of protection (right hand)
 G - the amulet "Vuoxtuaw" (around neck) {rC++ Regen+ Int-3}
   (You found it on level 1 of the Orcish Mines)

   [amulet of regeneration]

   It affects your intelligence (-3).
   It greatly protects you from cold.
   It increases your rate of regeneration.
Wands
 l - a wand of digging (7)
 q - a wand of polymorph (28)
 x - a wand of iceblast (26)
 H - a wand of flame (66)
 U - a wand of acid (8)
Scrolls
 e - 10 scrolls of magic mapping
 j - 8 scrolls of remove curse {@r2}
 k - 5 scrolls of amnesia
 n - 4 scrolls of immolation
 p - 5 scrolls of fear
 t - 3 scrolls of enchant weapon
 J - a scroll of enchant armour
 V - a scroll of torment
Potions
 d - 16 potions of curing {@q1}
 h - 5 potions of brilliance
 i - a potion of flight
 o - 6 potions of haste
 r - 2 potions of invisibility
 u - a potion of cancellation
 v - 4 potions of agility
 w - 2 potions of resistance
 A - 3 potions of mutation
 D - 4 potions of heal wounds
 E - 2 potions of lignification
 L - 3 potions of might
 S - a potion of ambrosia
Comestibles
 c - 27 rations


   Skills:
 - Level 10.6 Fighting
 - Level 10.0 Maces & Flails
 - Level 10.0 Armour
 - Level 10.5 Dodging
 - Level 1.7 Stealth
 - Level 4.0 Shields
 + Level 10.1 Spellcasting
   Level 6.8 Summonings
 - Level 15.0 Necromancy
 - Level 10.0 Ice Magic
 - Level 6.2 Earth Magic


You had 5 spell levels left.
You knew the following spells:

 Your Spells              Type           Power        Failure   Level  Hunger
a - Pain                  Necr           ####         1%          1    None
b - Animate Skeleton      Necr           N/A          1%          1    None
c - Vampiric Draining     Necr           ######....   1%          3    None
d - Animate Dead          Necr           N/A          1%          4    ##.....
e - Regeneration          Chrm/Necr      #####.....   1%          3    None
f - Corpse Rot            Necr           N/A          1%          2    None
g - Simulacrum            Ice/Necr       ######....   11%         6    ######.
h - Dispel Undead         Necr           ######..     1%          5    #####..
i - Borgnjor's Vile Clut  Necr/Erth      ######....   4%          5    #####..

Your spell library contained the following spells:

 Spells                   Type           Power        Failure   Level  Hunger
 Sandblast                Erth           ####..       1%          1    None
 Summon Small Mammal      Summ           ####         1%          1    None
 Call Imp                 Summ           #####...     1%          2    None
 Sublimation of Blood     Necr           ######....   1%          2    None
 Call Canine Familiar     Summ           #####...     2%          3    None
 Summon Ice Beast         Ice/Summ       #####...     3%          4    ##.....
 Passwall                 Tmut/Erth      ###.....     4%          2    None
 Summon Guardian Golem    Hex/Summ       ###.....     9%          3    None
 Stone Arrow              Conj/Erth      ###...       10%         3    None
 Corona                   Hex            #......      12%         1    None
 Infusion                 Chrm           #...         12%         1    None
 Shroud of Golubria       Chrm/Tloc      #.....       19%         2    None
 Slow                     Hex            #.......     19%         2    None
 Song of Slaying          Chrm           #.......     19%         2    None
 Lee's Rapid Deconstruct  Erth           ####......   26%         5    #####..
 Summon Lightning Spire   Summ/Air       ###.....     30%         4    ##.....
 Leda's Liquefaction      Hex/Erth       ###.......   32%         4    ##.....
 Petrify                  Tmut/Erth      ###.....     32%         4    ##.....
 Inner Flame              Hex/Fire       #.......     36%         3    None
 Portal Projectile        Hex/Tloc       #.....       36%         3    None
 Spectral Weapon          Hex/Chrm       #.......     36%         3    None
 Cause Fear               Hex            #.........   77%         4    ##.....
 Bolt of Magma            Conj/Fire/Erth ###.......   82%         5    #####..
 Iskenderun's Battlesphe  Conj/Chrm      #.......     98%         5    #####..
 Venom Bolt               Conj/Pois      #.........   98%         5    #####..
 Death Channel            Necr           ######....   4%          6    ######.
 Haunt                    Necr/Summ      ######....   75%         7    #######
 Borgnjor's Revivificati  Necr           ######....   86%         8    #######
 Infestation              Necr           ######....   86%         8    #######
 Iron Shot                Conj/Erth      ###.......   99%         6    ######.
 Orb of Destruction       Conj           #.........   100%        7    #######
 Spellforged Servitor     Conj/Summ      ###.......   100%        7    #######
 Death's Door             Chrm/Necr      #####.....   100%        8    #######
 Necromutation            Tmut/Necr      #####.....   100%        8    #######


Dungeon Overview and Level Annotations

Branches:
Dungeon (15/15)            Temple (1/1) D:7            Lair (6/6) D:10
 Shoals (0/4) Lair:2        Snake (4/4) Lair:4        Slime (0/5) Lair:5
    Orc (2/2) D:11            Elf (0/3) Orc:2        Vaults (0/5) D:14
 Depths (0/5) D:15

Altars:
Ashenzari
Cheibriados
Dithmenos
Elyvilon
Fedhas
Gozag
Hepliaklqana
Kikubaaqudgha
Makhleb
Nemelex Xobeh
Okawaru
Qazlal
Ru
Sif Muna
Trog
Uskayaw
Vehumet
Wu Jian
Xom
Yredelemnul
Zin
The Shining One
Beogh
Jiyva

Shops:
D:15 }   Orc:2 %(?(*

Annotations:
D:7 2 transporters, skumtomte's ghost, novice GnEE
D:10 1 runed translucent door, SlightEye's ghost, journeyman FoFi
D:14 exclusion: door
Lair:6 2 runed translucent doors


Innate Abilities, Weirdness & Mutations

You have razor-sharp toenails.
A demonic guardian rushes to your aid.
You sometimes gain power by taking damage.
When seriously injured, your bleeding wounds create very thick armour. (AC +12)


Message History

You feel yourself grow more vulnerable to poison.
The shock serpent shoots out a bolt of lightning at you!
The bolt of electricity hits you but does no damage.
The bolt of electricity hits you!!
* * * LOW HITPOINT WARNING * * *
You focus on the pain.
You feel agile all of a sudden.
The nagaraja struggles to escape constriction.
The guardian serpent casts a spell.
The black mamba blinks!
The naga warrior blinks!
The nagaraja blinks free!
Your anaconda zombie barely misses the shock serpent.
Your anaconda zombie bites the shock serpent.
The naga warrior hits you but does no damage.
The naga warrior constricts you.
A naga comes into view. It is wielding a +0 war axe.
The naga hits your naga zombie with a +0 hand axe of chopping!
Your naga zombie is destroyed!
The naga warrior hits you with a +2 war axe of distortion!
You die...
Kikubaaqudgha rasps: "You have failed me!
Welcome... death!"

########..##### #..##...##.N.##,
#.### #.## #.##...##...N.##
....####.# ###...##...N..(#
#.#.##...# *#.........ZN...
(......### *#..N..N..NNN.N..
#.###.## ##..NS.##..SNZZ(.#
((..).# ######.NN##.,##..NNSZ##
#.#.### ##).##NSN#*,,,,##..NZ##,
..[## #()N#.S@#*,,,,,,##.S##,,
#.## ####(#N§ZN##,,,,,,,,##.,,,,
Z######((((#.§)S#*,,,,,,,,*#.,,,,
..(Z((((####(#§NZ#*,,,,,,**N.**,,
##...(### #(##N..#*,,,,**,.,,**,
...##.Z### #..##.SN#*,,**,,,,,,**
######...# #.##*#....,**,,,,,,,,*
###.###Z# *#...,,,,,,,,,,,,
#...#Z### *#..,,,,,,,,,,,,


You could see 3 naga warriors, a nagaraja, a salamander mystic, a naga
ritualist, a shock serpent, 2 guardian serpents, a black mamba, 4 nagas and a
friendly anaconda zombie.

Vanquished Creatures
  Agnes (Snake:2)
  The ghost of Utadis the Severer, a journeyman MiBe of Trog (Orc:1)
  2 nagarajas
  An orc warlord (Orc:2)
  A stone giant (Orc:2)
  11 naga warriors
  2 hydras
  2 vault guards (D:14)
  A death knight (D:15)
  11 anacondas
  2 centaur warriors
  A two-headed ogre (D:15)
  A dancing weapon (Orc:1)
  A tengu warrior (D:14)
  8 naga sharpshooters
  6 shock serpents
  3 salamander mystics
  5 skeletal warriors
  2 sea snakes (Snake:3)
  A swamp dragon (Lair:5)
  2 unseen horrors
  5 naga ritualists
  2 orc knights
  6 mana vipers
  4 cyclopes
  A wolf spider zombie (D:14)
  A manticore (D:13)
  5 ugly things
  7 salamanders
  3 elephants
  10 naga magi
  28 black mambas
  3 guardian serpents
  5 gargoyles
  3 rime drakes (Lair:5)
  A molten gargoyle (Lair:6)
  7 spiny frogs
  A yaktaur (D:15)
  4 freezing wraiths
  A rime drake (shapeshifter) (D:14)
  2 komodo dragons (Lair:6)
  An efreet (D:14)
  A queen bee (shapeshifter) (D:14)
  3 blink frogs (Lair:4)
  7 trolls
  A hornet (D:11)
  A slime creature (Lair:5)
  4 dream sheep (Lair:6)
  13 hippogriffs
  A vampire (D:12)
  15 yaks
  3 wraiths (D:15)
  A spriggan (D:8)
  7 wyverns
  A hungry ghost (D:8)
  A golden eye (shapeshifter) (D:13)
  2 basilisks (Lair:5)
  A human (D:14)
  2 steam dragons (Lair:6)
  3 vampire mosquitoes
  4 wargs
  A swamp worm (Lair:5)
  An acid dragon (D:15)
  46 nagas
  3 hell hounds
  20 water moccasins
  7 porcupines
  A sky beast (D:7)
  36 orc warriors
  2 necrophages
  7 ice beasts
  3 black bears
  14 ogres
  2 phantoms
  9 wolves
  11 crocodiles
  13 centaurs
  2 big kobolds
  10 bullfrogs
  A wyvern zombie (D:9)
  3 scorpions
  11 wights
  13 killer bees
  An electric eel (Lair:4)
  6 howler monkeys
  A lava snake (Lair:6)
  7 crimson imps
  A bullfrog zombie (D:13)
  2 centaur zombies
  4 jellies
  A bullfrog skeleton (D:10)
  3 centaur skeletons
  4 hounds
  A gnoll shaman (D:4)
  19 orc priests
  10 orc wizards
  4 iguanas
  10 worker ants
  A worker ant zombie (D:8)
  4 gnolls
  11 adders
  A shadow imp (D:8)
  2 oozes
  An adder skeleton (D:8)
  2 dart slugs
  3 leopard geckos (D:6)
  85 orcs
  6 giant cockroaches
  8 goblins
  5 hobgoblins
  3 jackals (D:4)
  2 quokkas
  3 ball pythons
  9 bats
  5 frilled lizards
  A giant cockroach zombie (D:6)
  A goblin zombie (D:8)
  15 kobolds
  7 rats
701 creatures vanquished.

Vanquished Creatures (collateral kills)
  Vashnia (Snake:4)
  A fire giant (D:15)
  4 nagarajas
  2 vault guards (D:14)
  3 hydras
  7 naga warriors
  2 centaur warriors (D:15)
  2 anacondas
  A death knight (D:14)
  11 naga sharpshooters
  3 two-headed ogres
  An ogre mage (D:14)
  A tengu warrior (D:14)
  An orc high priest (Orc:1)
  Sonja (D:11)
  A shock serpent (Snake:2)
  5 skeletal warriors
  A fire crab (Lair:6)
  2 sea snakes (Snake:3)
  2 naga ritualists
  A swamp dragon (Lair:5)
  A phantasmal warrior (D:15)
  5 ugly things
  7 mana vipers
  5 orc knights (Orc:2)
  An orc sorcerer (Orc:1)
  4 salamanders
  A merfolk siren (Lair:2)
  6 elephants
  6 guardian serpents
  6 naga magi
  A molten gargoyle (Lair:6)
  12 black mambas
  4 spiny frogs
  2 centaur skeletons
  A gargoyle (D:14)
  5 rime drakes
  A kobold demonologist (D:11)
  4 komodo dragons
  2 yaktaurs (D:15)
  A troll (Orc:2)
  2 tengu conjurers (D:14)
  3 meliai (Lair:4)
  A polar bear (Lair:4)
  A queen bee (Lair:4)
  3 merfolk (Lair:2)
  2 blink frogs (Lair:4)
  3 hippogriffs
  A hog (shapeshifter) (D:13)
  2 vampires
  3 wyverns
  4 vampire mosquitoes
  20 yaks
  3 basilisks
  2 swamp worms (Lair:5)
  15 nagas
  3 wargs
  6 water moccasins
  3 hell hounds
  3 porcupines
  18 orc warriors
  An ice beast (D:10)
  2 swamp drakes
  8 ogres
  8 wolves
  A phantom (D:6)
  8 centaurs
  6 crocodiles
  18 big kobolds (D:11)
  Blork the orc (D:4)
  2 bullfrogs
  A scorpion (D:4)
  11 killer bees
  An electric eel (Lair:3)
  2 lava snakes (Lair:6)
  A bullfrog zombie (D:6)
  3 orc priests
  A jelly (D:15)
  8 orc wizards
  A worker ant (D:13)
  2 gnolls (Orc:2)
  12 white imps (Lair:2)
  A dart slug (D:4)
  21 orcs
  A jackal (D:4)
  A kobold (D:11)
  A jackal skeleton (D:2)
  A butterfly (Lair:3)
  5 fungi
  A plant (Lair:5)
356 creatures vanquished.

Vanquished Creatures (others)
  A sea snake (Snake:3)
  A naga (Snake:4)
  An orc priest (D:11)
  5 fungi
  6 plants
14 creatures vanquished.

Grand Total: 1071 creatures vanquished

Notes
Turn   | Place    | Note
-------+----------+-------------------------------------------
     0 | D:1      | Gynju the Demonspawn Necromancer began the quest for the
                  | Orb.
     0 | D:1      | Reached XP level 1. HP: 13/13 MP: 3/3
   342 | D:1      | Gained mutation: A weak demonic guardian rushes to your
                  | aid. [demonic ancestry]
   342 | D:1      | Reached XP level 2. HP: 2/19 MP: 0/5
  1548 | D:2      | Learned a level 1 spell: Animate Skeleton
  1709 | D:2      | Reached skill level 5 in Necromancy
  1709 | D:2      | Reached XP level 3. HP: 22/24 MP: 2/7
  2590 | D:3      | Found a glowing silver altar of Zin.
  3152 | D:3      | Gained mutation: When seriously injured, your bleeding
                  | wounds create armour. (AC +12) [demonic ancestry]
  3152 | D:3      | Reached XP level 4. HP: 8/30 MP: 3/8
  3930 | D:4      | Noticed an ogre
  3981 | D:4      | Gained mutation: You sometimes gain a little power by
                  | taking damage. [demonic ancestry]
  3981 | D:4      | Reached XP level 5. HP: 20/35 MP: 0/10
  3982 | D:4      | Reached skill level 6 in Necromancy
  4086 | D:4      | Noticed Blork the orc
  4154 | D:4      | Killed Blork the orc
  4154 | D:4      | Reached XP level 6. HP: 6/41 MP: 10/12
  4681 | D:4      | Found Lithozar's Armour Shop.
  5014 | D:4      | Learned a level 3 spell: Vampiric Draining
  5019 | D:4      | Learned a level 4 spell: Animate Dead
  5023 | D:4      | Learned a level 3 spell: Regeneration
  5041 | D:5      | Entered Level 5 of the Dungeon
  5108 | D:5      | Reached skill level 7 in Necromancy
  5700 | D:5      | Noticed an ice beast
  5707 | D:5      | Killed an ice beast
  5707 | D:5      | Gained mutation: You have sharp toenails. [demonic
                  | ancestry]
  5707 | D:5      | Reached XP level 7. HP: 41/46 MP: 7/14
  5846 | D:5      | Reached skill level 8 in Necromancy
  6099 | D:5      | Found an ornate altar of the Wu Jian Council.
  6113 | D:5      | Reached skill level 9 in Necromancy
  6645 | D:6      | Gained mutation: When seriously injured, your bleeding
                  | wounds create thick armour. (AC +12) [demonic ancestry]
  6645 | D:6      | Reached XP level 8. HP: 52/52 MP: 15/15
  6715 | D:6      | Reached skill level 10 in Necromancy
  6920 | D:6      | Reached skill level 1 in Fighting
  8934 | D:7      | Found a transporter.
  8934 | D:7      | Noticed skumtomte's ghost (novice GnEE)
  9279 | D:7      | Found a transporter.
  9313 | D:7      | Found a staircase to the Ecumenical Temple.
  9332 | Temple   | Entered the Ecumenical Temple
  9445 | Temple   | Became a worshipper of Kikubaaqudgha
  9529 | D:7      | Got a transparent whip
  9530 | D:7      | Identified the +12 whip of Dismemberment {protect, MP+9
                  | Dex+4} (You found it on level 7 of the Dungeon)
  9779 | D:7      | Reached skill level 1 in Maces & Flails
  9779 | D:7      | Gained mutation: When seriously injured, your bleeding
                  | wounds create very thick armour. (AC +12) [demonic
                  | ancestry]
  9779 | D:7      | Reached XP level 9. HP: 66/66 MP: 16/16
 10685 | D:8      | Noticed a gargoyle
 10987 | D:8      | Reached skill level 5 in Fighting
 10987 | D:8      | Reached skill level 5 in Dodging
 11220 | D:8      | Reached * piety under Kikubaaqudgha
 11220 | D:8      | Identified Kikubaaqudgha's Almanac of Evil Magic
                  | (Kikubaaqudgha gifted it to you on level 8 of the Dungeon)
 11220 | D:8      | Received a gift from Kikubaaqudgha
 11225 | D:8      | Learned a level 2 spell: Corpse Rot
 11433 | D:8      | Killed a gargoyle
 12631 | D:9      | Noticed a skeletal warrior
 12632 | D:9      | Gained mutation: A demonic guardian rushes to your aid.
                  | [demonic ancestry]
 12632 | D:9      | Reached XP level 10. HP: 66/77 MP: 16/17
 13205 | D:9      | Noticed a skeletal warrior
 13216 | D:9      | Noticed a skeletal warrior
 13217 | D:9      | Noticed a skeletal warrior
 13272 | D:9      | Reached ** piety under Kikubaaqudgha
 13294 | D:9      | Noticed a skeletal warrior
 13304 | D:9      | Killed a skeletal warrior
 13304 | D:9      | Reached skill level 5 in Maces & Flails
 13456 | D:8      | Killed a skeletal warrior
 13547 | D:8      | Killed a skeletal warrior
 13660 | D:8      | Killed a skeletal warrior
 13694 | D:8      | Killed a skeletal warrior
 13980 | D:10     | Entered Level 10 of the Dungeon
 14647 | D:10     | Found a staircase to the Lair.
 15043 | D:10     | Found a runed translucent door.
 15043 | D:10     | Found a shimmering altar of Xom.
 15043 | D:10     | Noticed SlightEye's ghost (journeyman FoFi)
 15043 | D:10     | Noticed a +0 long sword of chaos
 15141 | D:10     | Got a jewelled scale mail
 15333 | D:10     | Identified the +0 scale mail of Ennui {+Fly rPois rC- MP-9}
                  | (You found it on level 10 of the Dungeon)
 15412 | Lair:1   | Entered Level 1 of the Lair of Beasts
 15420 | Lair:1   | Reached XP level 11. HP: 85/87 MP: 18/18
 15910 | Lair:1   | Noticed a seven-headed hydra
 15917 | Lair:1   | Killed a seven-headed hydra
 16593 | Lair:1   | Reached *** piety under Kikubaaqudgha
 16593 | Lair:1   | Identified Kikubaaqudgha's Catalogue of Evil Rites
                  | (Kikubaaqudgha gifted it to you on level 1 of the Lair of
                  | Beasts)
 16593 | Lair:1   | Received a gift from Kikubaaqudgha
 16644 | Lair:1   | Found the +8 whip "Snakebite" {curare, rPois}
 16869 | Lair:2   | Reached skill level 1 in Shields
 16875 | Lair:2   | Found a staircase to the Shoals.
 18391 | Lair:3   | Found a shattered altar of Ashenzari.
 18540 | Lair:3   | Reached skill level 10 in Fighting
 18812 | Lair:3   | Reached XP level 12. HP: 82/97 MP: 19/19
 19610 | Lair:4   | Found a staircase to the Snake Pit.
 19722 | Lair:4   | Reached **** piety under Kikubaaqudgha
 20273 | Lair:4   | Reached skill level 10 in Dodging
 21132 | Lair:4   | Learned a level 6 spell: Simulacrum
 21395 | Lair:4   | Reached skill level 5 in Spellcasting
 21408 | Lair:4   | Reached skill level 1 in Ice Magic
 21538 | Lair:5   | Noticed a five-headed hydra
 22068 | Lair:5   | Killed a five-headed hydra
 22116 | Lair:5   | Noticed a six-headed hydra
 22124 | Lair:5   | Killed a six-headed hydra
 22244 | Lair:5   | Noticed a five-headed hydra
 22527 | Lair:5   | Killed a five-headed hydra
 22698 | Lair:5   | Found a viscous altar of Jiyva.
 22698 | Lair:5   | Found a staircase to the Slime Pits.
 22991 | Lair:6   | Entered Level 6 of the Lair of Beasts
 23186 | Lair:6   | Noticed an eight-headed hydra
 23195 | Lair:6   | Killed an eight-headed hydra
 23195 | Lair:6   | Reached XP level 13. HP: 76/104 MP: 22/22
 23498 | Lair:6   | Reached skill level 11 in Necromancy
 24535 | Lair:6   | Noticed a fire dragon
 25096 | Lair:6   | Found a large runed translucent door.
 25097 | Lair:6   | Found a large runed translucent door.
 25655 | D:11     | Noticed Sonja
 26483 | D:11     | Reached skill level 10 in Maces & Flails
 26502 | D:11     | Killed Sonja
 26693 | D:11     | Found a staircase to the Orcish Mines.
 27231 | D:12     | Reached skill level 5 in Ice Magic
 27329 | D:12     | Reached ***** piety under Kikubaaqudgha
 27802 | D:11     | Upgraded the game from 0.24-a0-592-g9a1d66b0e3 to
                  | 0.24-a0-613-g1ff6aac338
 27917 | D:11     | Learned a level 5 spell: Dispel Undead
 28392 | D:12     | Reached skill level 1 in Armour
 28833 | D:13     | Found a stormy altar of Qazlal.
 29338 | D:13     | Reached skill level 12 in Necromancy
 30186 | D:14     | Found a roughly hewn altar of Beogh.
 30475 | D:14     | Gained mutation: You have razor-sharp toenails. [demonic
                  | ancestry]
 30475 | D:14     | Reached XP level 14. HP: 111/111 MP: 26/26
 31314 | Orc:1    | Entered Level 1 of the Orcish Mines
 31425 | Orc:1    | Found a runed translucent door.
 31426 | Orc:1    | Found a shimmering altar of Xom.
 31426 | Orc:1    | Noticed Utadis's ghost (journeyman MiBe)
 31597 | Orc:1    | Reached ****** piety under Kikubaaqudgha
 31982 | Orc:1    | Received a gift from Kikubaaqudgha
 32048 | Orc:1    | Killed Utadis's ghost
 32053 | Orc:1    | Got a faintly glowing bronze amulet
 32062 | Orc:1    | Identified the amulet "Vuoxtuaw" {rC++ Regen+ Int-3} (You
                  | found it on level 1 of the Orcish Mines)
 32090 | Orc:2    | Entered Level 2 of the Orcish Mines
 32104 | Orc:2    | Noticed an orc warlord
 32326 | Orc:2    | Killed an orc warlord
 32446 | Orc:2    | Reached skill level 13 in Necromancy
 32765 | Orc:2    | Found Talungall's Food Emporium.
 32765 | Orc:2    | Found Rucross's Weapon Shop.
 32844 | Orc:2    | Found a roughly hewn altar of Beogh.
 32880 | Orc:2    | Found a staircase to the Elven Halls.
 32913 | Orc:2    | Noticed a stone giant
 32930 | Orc:2    | Killed a stone giant
 33699 | Orc:2    | Found Lanleun's Magic Scroll Boutique.
 33809 | Orc:2    | Found Qimourratom's Assorted Antiques.
 33809 | Orc:2    | Found Utwazezu's Weapon Emporium.
 33814 | Orc:2    | Bought a ring of protection for 58 gold pieces
 33814 | Orc:2    | Bought a scroll of enchant armour for 217 gold pieces
 34220 | D:14     | Found a gate to the Vaults.
 34397 | D:15     | Entered Level 15 of the Dungeon
 34973 | D:15     | Found Pyukh's Gadget Emporium.
 35038 | D:15     | Identified the cursed +0 scale mail of Iphuxel {rElec rF+}
                  | (You found it on level 15 of the Dungeon)
 35393 | D:15     | Reached skill level 14 in Necromancy
 35393 | D:15     | Reached XP level 15. HP: 77/117 MP: 27/27
 35431 | D:15     | Learned a level 7 spell: Haunt
 35509 | D:15     | Noticed a fire giant
 35633 | D:15     | Found a staircase to the Depths.
 35659 | D:15     | Killed a fire giant
 35659 | D:15     | Reached skill level 1 in Summonings
 36514 | Snake:1  | Entered Level 1 of the Snake Pit
 36986 | Lair:4   | Reached skill level 10 in Ice Magic
 37578 | Snake:1  | Reached skill level 5 in Summonings
 38637 | Snake:1  | Learned a level 5 spell: Borgnjor's Vile Clutch
 38738 | Snake:1  | Got a pair of encrusted boots
 38744 | Snake:1  | Identified the +0 pair of boots of Decas {-Cast rN+ Int+4}
                  | (You found it on level 1 of the Snake Pit)
 38806 | Snake:2  | Reached skill level 1 in Earth Magic
 38853 | Snake:2  | Reached skill level 5 in Armour
 38938 | Snake:2  | Noticed a nagaraja
 38951 | Snake:2  | Killed a nagaraja
 39505 | Snake:2  | Noticed Agnes
 39515 | Snake:2  | Killed Agnes
 40892 | Snake:2  | Gained mutation: You sometimes gain power by taking damage.
                  | [demonic ancestry]
 40892 | Snake:2  | Reached XP level 16. HP: 105/124 MP: 29/29
 41010 | Snake:3  | Reached skill level 5 in Earth Magic
 42291 | Snake:3  | Reached skill level 15 in Necromancy
 42779 | Snake:4  | Entered Level 4 of the Snake Pit
 43714 | Snake:4  | Reached skill level 10 in Spellcasting
 43739 | Snake:4  | Noticed Vashnia
 43760 | Snake:4  | Killed Vashnia
 44540 | Snake:4  | Reached skill level 10 in Armour
 44592 | Snake:4  | HP: 3/124 [shock serpent/electric aura (6)]
 44594 | Snake:4  | HP: 1/124 [shock serpent/bolt of electricity (23)]
 44594 | Snake:4  | Demolished by a naga warrior

Levels and vault maps discovered:
D:1:      dpeg_arrival_rhombi, layout_basic, st_stairs_6
D:2:      layout_basic, first_ration, skrybe_limestone_x
D:3:      layout_loops_corners, overflow_temple_1_default
D:4:      layout_loops_cross, serial_shops, shop, minmay_misc_feat_tower,
          uniq_blork_the_orc
D:5:      layout_rooms, basic_altar
D:6:      layout_loops_ring
D:7:      layout_loops_corners, minmay_temple_entry_stoned_glass, serial_rivers,
          chequers_serial_rivers_micro_c, chequers_serial_rivers_large_b,
          chequers_serial_rivers_small_3, chequers_serial_rivers_micro_b,
          chequers_serial_rivers_micro_c, gammafunk_ghost_arena
D:8:      layout_loops_ring, enter_ossuary_3, the_bakery
D:9:      layout_loops_cross
D:10:     layout_loops_corners, minmay_lair_entry_grove, ebering_ghost_xom
D:11:     layout_roguey [special_room_kobold], erik_orc_1, uniq_sonja
D:12:     layout_loops_ring
D:13:     layout_loops_corners, basic_altar
D:14:     layout_roguey [special_room_orc], grunt_vaults_entry_fortified,
          nicolae_wwwww
D:15:     grunt_enter_depths_giant_problem, layout_cave_pods, serial_shops,
          shop, hangedman_decor_cross_pass, hangedman_decor_clover_reticule
Temple:   kilobyte_greek_temple
Lair:1:   minmay_guarded_unrand_snakebite, layout_regular_city,
          grunt_megastairs_1
Lair:2:   layout_long_grid, elwin_shoals_entry_stream,
          portal_ice_cave_entry_imps, chequers_serial_rivers_micro_b
Lair:3:   layout_cave_pods, lemuel_centaur_altar, lemuel_fruit_fields,
          lemuel_fruit_tree, serial_bayou_shore_a
Lair:4:   layout_gridlike, minmay_snake_entry_six_corridors, special_room
          [special_room_bee]
Lair:5:   onia_ninara_swampy_vault, layout_loops_ring, slime_altar_1,
          special_room [special_room_mythical_zoo], beast_lair_carwin_2
Lair:6:   cheibrodos_lair_end_hotspot, layout_regular_city
Snake:1:  layout_layer_cave, grunt_megastairs_2
Snake:2:  layout_grid_maze, uniq_agnes
Snake:3:  nicolae_sea_snake_s, layout_rooms
Snake:4:  johnstein_snake_rune_scales, layout_rooms, grunt_ministairs_6,
          st_stairs_9, uniq_vashnia
Orc:1:    layout_caves, ebering_ghost_xom, nicolae_orc_sculptors_studio
Orc:2:    st_orc_town, layout_caves, serial_shops, shop

Skill      XL: |  1  2  3  4  5  6  7  8  9 10 11 12 13 14 15 16 |
---------------+-------------------------------------------------+-----
Necromancy     | 5 6 7 9 10 12 14 15 | 15.0
Spellcasting   | 3 4 6 8 9 10 | 10.1
Dodging        | 4 6 8 9 10 | 10.5
Fighting       | 4 6 8 10 | 10.6
Maces & Flails | 1 4 6 8 9 10 | 10.0
Shields        | 3 4 |  4.0
Ice Magic      | 3 6 8 10 | 10.0
Armour         | 2 4 6 10 | 10.0
Summonings     | 6 |  6.8
Earth Magic    | 4 6 |  6.2
Stealth        | |  1.7

Action                   |  1- 3 |  4- 6 |  7- 9 | 10-12 | 13-15 | 16-18 || total
-------------------------+-------+-------+-------+-------+-------+-------++-------
Melee: Unarmed           |    10 |       |       |       |       |       ||    10
       Dagger            |     7 |       |       |       |       |       ||     7
       Trident           |       |       |   170 |       |       |       ||   170
       Kick              |       |       |    62 |   147 |   596 |   148 ||   953
       Whip              |       |       |   123 |   537 |  1974 |   454 ||  3088
 Fire: Hunting sling     |    12 |    23 |   303 |    85 |       |       ||   423
       Fustibalus        |       |       |       |    13 |    24 |     3 ||    40
Throw: Stone             |     8 |       |     1 |     5 |     2 |       ||    16
 Cast: Pain              |    70 |    70 |   156 |    59 |    17 |       ||   372
       Animate Skeleton  |     3 |     1 |       |     3 |     2 |       ||     9
       Regeneration      |       |       |     2 |     4 |    31 |    12 ||    49
       Corpse Rot        |       |       |       |     9 |     3 |     2 ||    14
       Animate Dead      |       |       |       |    43 |   149 |    45 ||   237
       Vampiric Draining |       |       |       |       |    14 |       ||    14
       Dispel Undead     |       |       |       |       |    25 |       ||    25
       Simulacrum        |       |       |       |       |     5 |       ||     5
       Borgnjor's Vile C |       |       |       |       |       |    25 ||    25
Invok: Receive Corpses   |       |       |       |    14 |    49 |     8 ||    71
       Receive Necronomi |       |       |       |       |     1 |       ||     1
 Abil: Evoke Flight      |       |       |       |     1 |       |       ||     1
  Use: Scroll            |       |       |    21 |     7 |    13 |    10 ||    51
       Potion            |       |       |     1 |       |     2 |     1 ||     4
 Stab: Sleeping          |       |       |     2 |     6 |     4 |     2 ||    14
       Distracted        |       |       |       |     3 |    25 |     9 ||    37
  Eat: Chunk             |     7 |     8 |    17 |    30 |    31 |     3 ||    96
       Ration            |       |       |     2 |     4 |    19 |     6 ||    31
Armor: Robe              |     9 |     4 |   139 |   126 |    35 |     7 ||   320
       Troll leather arm |       |       |       |       |   187 |       ||   187
       Steam dragon scal |       |       |       |       |     2 |       ||     2
       Ring mail         |       |       |       |       |   236 |   154 ||   390
Dodge: Dodged            |    10 |    26 |   261 |   433 |  1248 |   246 ||  2224
Block: Buckler           |       |       |       |    70 |   402 |    94 ||   566

Table legend:
 A = Non-vault XP
 B = Vault XP
 C = Vault XP percentage of total XP
 D = Non-vault monster count
 E = Vault monster count
 F = Vault count percentage of total count
                 A         B        C        D         E       F
            +---------+---------+-------+---------+---------+-------
      Total |  141959 |   67757 |  32.3 |     722 |     330 |  31.4
            +---------+---------+-------+---------+---------+-------
        D:1 |      32 |       1 |   3.0 |      16 |       1 |   5.9
        D:2 |      40 |       0 |   0.0 |      16 |       0 |   0.0
        D:3 |      52 |       0 |   0.0 |      18 |       0 |   0.0
        D:4 |     483 |      50 |   9.4 |      18 |       1 |   5.3
        D:5 |     608 |       0 |   0.0 |      13 |       0 |   0.0
        D:6 |     732 |       0 |   0.0 |      28 |       0 |   0.0
        D:7 |     833 |       0 |   0.0 |      16 |       0 |   0.0
        D:8 |    3347 |     202 |   5.7 |      33 |       2 |   5.7
        D:9 |    2001 |       0 |   0.0 |      25 |       0 |   0.0
       D:10 |    1166 |    1381 |  54.2 |      16 |      13 |  44.8
       D:11 |    2220 |    2118 |  48.8 |      13 |      43 |  76.8
       D:12 |    4938 |       0 |   0.0 |      38 |       0 |   0.0
       D:13 |    3815 |       0 |   0.0 |      20 |       0 |   0.0
       D:14 |    9430 |    7062 |  42.8 |      43 |      34 |  44.2
       D:15 |   16929 |     970 |   5.4 |      52 |       1 |   1.9
     Lair:1 |    4291 |    1429 |  25.0 |      28 |      10 |  26.3
     Lair:2 |    1129 |     774 |  40.7 |       6 |      16 |  72.7
     Lair:3 |    3571 |     229 |   6.0 |      29 |       4 |  12.1
     Lair:4 |    6221 |    3558 |  36.4 |      22 |      30 |  57.7
     Lair:5 |    1227 |    7008 |  85.1 |       6 |      32 |  84.2
     Lair:6 |    5830 |    4735 |  44.8 |      25 |      24 |  49.0
    Snake:1 |   13681 |    2670 |  16.3 |      33 |       6 |  15.4
    Snake:2 |   20694 |    1879 |   8.3 |      51 |       1 |   1.9
    Snake:3 |   18061 |    3520 |  16.3 |      41 |       9 |  18.0
    Snake:4 |   12111 |   22886 |  65.4 |      29 |      43 |  59.7
      Orc:1 |    4040 |    2674 |  39.8 |      43 |       6 |  12.2
      Orc:2 |    4477 |    4611 |  50.7 |      44 |      54 |  55.1
            +---------+---------+-------+---------+---------+-------
